 Dungeon Crawl Stone Soup version 0.25-a0-578-gc91f01c39c (webtiles) character file.

Game seed: 17581806047216631769, levelgen mode: deterministic

152 Forecaster the Magician (level 5, -3/43 HPs)
             Began as a Naga Wizard on Mar 7, 2020.
             Killed by nerve-wracking pain
             ... invoked by Grinder
              (8 damage)
             ... on level 3 of the Dungeon.
             The game lasted 00:12:01 (2748 turns).

Forecaster the Magician (Naga Wizard)               Turns: 2748, Time: 00:12:01

Health: -3/43      AC:  4    Str: 10    XL:     5   Next: 34%
Magic:  2/11       EV: 11    Int: 18    God:
Gold:   84         SH:  0    Dex: 10    Spells: 7/12 levels left

rFire    . . .     SeeInvis +   y - +0 dagger
rCold    + . .     Gourm    .   (no shield)
rNeg     . . .     Faith    .   e - +0 leather armour
rPois    +         Spirit   .   b - +0 hat
rElec    .         Reflect  .   (no cloak)
rCorr    .         Harm     .   w - +0 pair of gloves
MR       .....                  (no barding)
Stlth    ++........             (no amulet)
HPRegen  0.14/turn              m - +2 ring of evasion
MPRegen  0.12/turn              r - ring of protection from cold

@: very slow
A: large, see invisible, deformed body, poison resistance, slowness 2, slow
metabolism 1, spit poison 1, AC +1
a: Spit Poison


You were on level 3 of the Dungeon.
You were not hungry.

You visited 1 branch of the dungeon, and saw 3 of its levels.

You collected 84 gold pieces.

Inventory:

Hand Weapons
 f - a +0 spear
 o - a +0 hunting sling
 y - a +0 dagger (weapon)
Missiles
 c - 126 stones (quivered)
 u - 22 sling bullets
Armour
 a - a +0 robe
 b - a +0 hat (worn)
 e - a +0 leather armour (worn)
 n - a +0 leather armour
 w - a +0 pair of gloves (worn)
Jewellery
 m - a +2 ring of evasion (left hand)
 r - a ring of protection from cold (right hand)
Scrolls
 g - 4 scrolls of enchant weapon {unknown}
 h - 2 scrolls of noise {unknown}
 j - 2 scrolls of identify {unknown}
 l - a scroll of magic mapping {unknown}
 q - a scroll of fear {unknown}
 s - a scroll of teleportation {unknown}
Potions
 i - 2 potions of curing {unknown}
 k - a potion of berserk rage {unknown}
 p - a potion of heal wounds {unknown}
 t - a potion of flight {unknown}
 v - a potion of magic {unknown}
 z - a potion of ambrosia {unknown}
 A - a potion of degeneration {unknown}
Comestibles
 d - 3 rations


   Skills:
 + Level 0.5 Fighting
 + Level 1.5 Polearms
 + Level 1.2 Armour
 + Level 1.8 Dodging
 + Level 3.3 Stealth
 + Level 4.3 Spellcasting
 + Level 1.2 Conjurations
 + Level 1.5 Summonings
 + Level 1.0 Translocations


You had 7 spell levels left.
You knew the following spells:

 Your Spells              Type           Power        Failure   Level  Hunger
a - Magic Dart            Conj           #...         12%         1    None
b - Call Imp              Summ           #.......     16%         2    ##.....
c - Blink                 Tloc           N/A          19%         2    ##.....

Your spell library contained the following spells:

 Spells                   Type           Power        Failure   Level  Hunger
 Slow                     Hex            #.......     28%         2    ##.....
 Conjure Flame            Conj/Fire      #.......     41%         3    ###....
 Mephitic Cloud           Conj/Pois/Air  #.......     43%         3    ###....


Dungeon Overview and Level Annotations

Branches:
Dungeon (3/15)

Altars:
Elyvilon

Annotations:
D:3 1 runed translucent door, Grinder


Innate Abilities, Weirdness & Mutations

You cannot wear boots.
Your serpentine skin is tough. (AC +1)
You have supernaturally acute eyesight. (SInv)
Armour fits poorly on your strangely shaped body.
Your system is resistant to poisons. (rPois)
You cover ground very slowly.
You have a slow metabolism.
You can spit poison.


Message History

A beastly little devil appears in a puff of flame.
Grinder gestures at you.
You struggle to resist.
Your magical contamination has completely faded away.
Grinder says, "FISH!"
Grinder closely misses you.
Your crimson imp hits Grinder.
Grinder hits you.
* * * LOW HITPOINT WARNING * * *
You writhe in agony.
* * * LOW HITPOINT WARNING * * *
Grinder says, "There's only one good use for a tongue: cutting it out."
Grinder misses you.
Your crimson imp blinks!
You hit Grinder.
Grinder is moderately wounded.
Grinder says, "Wait up."
Grinder gestures at you. Pain shoots through your body!
You die...

...#### #.#.............
....... #.#.............
.......##.#.............
.......#.........####...
.................# #.[.
##.............# #...
#.##....#.#...#######...
#......5#.#.........#...
###....@#.#.........#...
#.....#.#.........#...
.#.................####
..5.................####
#.##.........#..........
#. #......<..######.....
#.........# #.<...
#.........######..... g.
#..######.###...........


You could see Grinder and a friendly crimson imp.

Vanquished Creatures
  2 adders (D:2)
  An ooze (D:1)
  2 worms (D:2)
  A dart slug (D:1)
  A leopard gecko (D:2)
  4 giant cockroaches
  4 goblins
  3 hobgoblins
  A jackal (D:3)
  3 kobolds
  5 bats
  2 frilled lizards
  10 rats
39 creatures vanquished.

Vanquished Creatures (collateral kills)
  A bullfrog (D:3)
  4 adders
  A leopard gecko (D:3)
  A bat (D:2)
  3 goblins
  2 hobgoblins (D:2)
  3 jackals (D:3)
  2 kobolds (D:3)
  A quokka (D:2)
  A frilled lizard (D:3)
  A rat (D:3)
20 creatures vanquished.

Grand Total: 59 creatures vanquished

Notes
Turn   | Place    | Note
-------+----------+-------------------------------------------
     0 | D:1      | Forecaster the Naga Wizard began the quest for the Orb.
     0 | D:1      | Reached XP level 1. HP: 15/15 MP: 4/4
   258 | D:1      | Reached XP level 2. HP: 10/22 MP: 0/6
   262 | D:1      | Learned a level 2 spell: Call Imp
   265 | D:1      | Learned a level 2 spell: Blink
  1230 | D:2      | Reached XP level 3. HP: 28/28 MP: 4/8
  1331 | D:2      | Reached skill level 4 in Spellcasting
  2013 | D:2      | Reached skill level 1 in Armour
  2013 | D:2      | Reached XP level 4. HP: 36/36 MP: 0/10
  2539 | D:3      | Noticed a bullfrog
  2554 | D:3      | Killed a bullfrog
  2554 | D:3      | Reached skill level 1 in Polearms
  2554 | D:3      | Reached XP level 5. HP: 21/43 MP: 5/11
  2556 | D:3      | Found a white marble altar of Elyvilon.
  2557 | D:3      | Found a runed translucent door.
  2557 | D:3      | Noticed an angel
  2714 | D:3      | Noticed Grinder
  2748 | D:3      | Killed from afar by Grinder

Levels and vault maps discovered:
D:1:      dpeg_arrival_round_c, layout_basic
D:2:      layout_basic, first_ration, minmay_randomly_rotated_circles
D:3:      layout_basic, chequers_serial_rivers_small_a, lemuel_angel_altar,
          uniq_grinder

Skill      XL: |  1  2  3  4 |
---------------+-------------+-----
Spellcasting   | 4 |  4.3
Armour         | 1 |  1.2
Polearms       | 1 |  1.5
Fighting       | |  0.5
Dodging        | |  1.8
Stealth        | |  3.3
Conjurations   | |  1.2
Summonings     | |  1.5
Translocations | |  1.0

Action                   |  1- 3 |  4- 6 || total
-------------------------+-------+-------++-------
Melee: Spear             |    40 |    31 ||    71
       Unarmed           |     1 |       ||     1
       Dagger            |       |    15 ||    15
 Cast: Magic Dart        |    47 |    18 ||    65
       Call Imp          |    11 |    19 ||    30
 Stab: Distracted        |       |     1 ||     1
  Eat: Chunk             |     2 |     3 ||     5
Armor: Leather armour    |     2 |    10 ||    12
Dodge: Dodged            |    24 |    52 ||    76

Table legend:
 A = Non-vault XP
 B = Vault XP
 C = Vault XP percentage of total XP
 D = Non-vault monster count
 E = Vault monster count
 F = Vault count percentage of total count
                 A         B        C        D         E       F
            +---------+---------+-------+---------+---------+-------
      Total |     210 |       8 |   3.7 |      53 |       6 |  10.2
            +---------+---------+-------+---------+---------+-------
        D:1 |      24 |       0 |   0.0 |      12 |       0 |   0.0
        D:2 |      76 |       8 |   9.5 |      20 |       6 |  23.1
        D:3 |     110 |       0 |   0.0 |      21 |       0 |   0.0
            +---------+---------+-------+---------+---------+-------
